 Dungeon Crawl Stone Soup version 0.27-a0-887-gcab673c142 (webtiles) character file.

Game seed: 4748938856923662761

4602 timneilson the Protected (level 10, -4/61 HPs)
             Began as a Gargoyle Fighter on Apr 5, 2021.
             Slain by a death yak (5 damage)
             ... on level 9 of the Dungeon.
             The game lasted 00:16:00 (9067 turns).

timneilson the Protected (Gargoyle Fighter)         Turns: 9067, Time: 00:16:01

Health: -4/61      AC: 23    Str: 23      XL:     10   Next: 42%
Magic:  10/10      EV: 11    Int:  8 (9)  God:
Gold:   545        SH: 12    Dex: 11      Spells: 9/9 levels left

rFire    . . .     SeeInvis .   b - +0 long sword (holy)
rCold    . . .     Faith    .   c - +1 kite shield
rNeg     + . .     Spirit   .   m - +0 chain mail
rPois    ∞         Reflect  .   (no helmet)
rElec    +         Harm     .   i - +2 cloak
rCorr    .         Rampage  .   e - +0 pair of gloves
Will     .....                  (no boots)
Stlth    ..........             (no amulet)
HPRegen  0.20/turn              l - +4 ring of evasion
MPRegen  0.12/turn              (no ring)

@: no status effects
A: AC +7, negative energy resistance 1, electricity resistance, torment
resistance 1, unbreathing 1, petrification resistance, hooves 1, thin skeletal
structure 1, deterioration 1
a: no special abilities


You were on level 9 of the Dungeon.
You visited 2 branches of the dungeon, and saw 10 of its levels.

You collected 545 gold pieces.

Inventory:

Hand Weapons
 a - a +1 long sword
 b - a +0 long sword of holy wrath (weapon)
Armour
 c - a +1 kite shield (worn)
 e - a +0 pair of gloves (worn)
 i - a +2 cloak (worn)
 m - a +0 chain mail (worn)
Jewellery
 l - a +4 ring of evasion (left hand)
 o - a +4 ring of evasion
 r - a ring of see invisible
Wands
 h - a wand of polymorph (6)
 j - a wand of flame (20)
Scrolls
 g - a scroll of identify
 n - 3 scrolls of teleportation
Potions
 d - a potion of brilliance
 f - a potion of flight
 k - a potion of curing


   Skills:
 + Level 6.7 Fighting
 * Level 7.1 Long Blades
 * Level 8.9 Armour
 * Level 8.9 Shields
 + Level 4.3 Evocations


You had 9 spell levels left.
You didn't know any spells.
Your spell library contained the following spells:

 Spells                   Type           Power      Damage    Failure   Level
 Beastly Appendage        Tmut           0%         N/A       99%         1
 Magic Dart               Conj           0%         1d3       99%         1
 Corpse Rot               Necr/Air       N/A        N/A       100%        2
 Searing Ray              Conj           0%         3d3       100%        2
 Swiftness                Air            0%         N/A       100%        2
 Wereblood                Tmut           0%         N/A       100%        2
 Dazzling Flash           Conj/Hex       0%         N/A       100%        3
 Spider Form              Tmut/Pois      0%         N/A       100%        3
 Static Discharge         Conj/Air       0%         N/A       100%        3
 Vampiric Draining        Necr           0%         2d6       100%        3
 Fulminant Prism          Conj/Hex       0%         3d6       100%        4
 Ice Form                 Ice/Tmut       0%         N/A       100%        4
 Iskenderun's Mystic Bla  Conj/Tloc      0%         2d3       100%        4
 Hydra Form               Tmut           0%         N/A       100%        5
 Conjure Ball Lightning   Conj/Air       0%         3x3d6     100%        6


Dungeon Overview and Level Annotations

Branches:
Dungeon (9/15)             Temple (1/1) D:4
   Lair: D:8-11         Orc: D:9-12

Altars:
Ashenzari
Cheibriados
Dithmenos
Elyvilon
Fedhas
Gozag
Hepliaklqana
Kikubaaqudgha
Qazlal
Ru
Sif Muna
Trog
Uskayaw
Wu Jian
Xom
Yredelemnul
Zin
The Shining One

Shops:
D:7 :


Innate Abilities, Weirdness & Mutations

Your stone body is resilient. (AC +7)
You are immune to poison.
You resist negative energy. (rN+)
You are resistant to electric shocks. (rElec)
You are resistant to unholy torment.
You can survive without breathing.
You are immune to petrification.
You have large cloven feet.
You have a somewhat thin skeletal structure. (Dex +2, Stealth)
Your body sometimes deteriorates upon taking damage.


Message History

You hit the death yak.
The death yak is lightly wounded.
You block the death yak's attack.
You barely miss the death yak. Your kick misses the death yak.
The death yak is lightly wounded.
You block the death yak's attack.
You hit the death yak but do no damage. You kick the death yak.
The death yak is moderately wounded.
The death yak gores you but does no damage.
The death yak barely misses you.
You hit the death yak but do no damage.
You kick the death yak, but do no damage.
The death yak is moderately wounded.
The death yak gores you!
Your body deteriorates!
You feel dopey.
You hit the death yak but do no damage.
The death yak is moderately wounded.
The death yak gores you!
* * * LOW HITPOINT WARNING * * *
You barely miss the death yak. You kick the death yak.
The death yak is moderately wounded.
The death yak barely misses you.
You hit the death yak but do no damage.
You kick the death yak, but do no damage.
The death yak is moderately wounded.
You block the death yak's attack.
Your magical contamination has completely faded away.
You hit the death yak. Your kick misses the death yak.
The death yak is moderately wounded.
The death yak gores you.
* * * LOW HITPOINT WARNING * * *
The death yak gores you.
* * * LOW HITPOINT WARNING * * *
You hit the death yak but do no damage. Your kick misses the death yak.
The death yak is moderately wounded.
You block the death yak's attack.
You hit the death yak.
The death yak is moderately wounded.
The death yak gores you.
You die...

#.....♣.♣P....♣.♣#....#
#.....P.♣♣P.P♣♣..######
#.......P♣♣.♣♣PP.##
#.....≈≈...P...≈≈.#
##....#≈≈.P♣♣♣..≈≈.#
#<....#.####.#.###.#
##....#.# #...#.))#
####Y..# #####.###
##..# #YY@.#
#..#####r####
#.........# #.........#
....>..r...#
........r....#
.............###
.............#
.$........#..#


You could see 2 death yaks and a quokka.

Vanquished Creatures
  Pikel (D:5)
  6 yaks (D:8)
  A wyvern (D:7)
  3 water moccasins
  An orc warrior (D:5)
  4 black bears
  4 ogres
  2 ice beasts
  A necrophage (D:6)
  A centaur (D:5)
  3 bullfrogs (D:7)
  A kobold brigand (D:8)
  3 scorpions
  A water moccasin zombie (D:5)
  2 water moccasin skeletons
  6 killer bees (D:8)
  2 howler monkeys (D:7)
  3 centaur zombies
  2 hounds
  3 jellies (D:6)
  2 orc priests
  A bullfrog skeleton (D:6)
  A centaur skeleton (D:7)
  An iguana (D:5)
  5 orc wizards
  A hell rat (D:9)
  A killer bee zombie (D:6)
  A hound zombie (D:5)
  3 adders
  A shadow imp (D:6)
  2 white imps
  An ufetubus (D:4)
  An adder skeleton (D:4)
  2 worms
  5 dart slugs
  22 orcs
  8 ball pythons
  6 bats
  7 endoplasms
  6 giant cockroaches
  10 goblins
  8 hobgoblins
  3 quokkas
  3 frilled lizards
  A jackal skeleton (D:4)
  8 kobolds
  9 rats
169 creatures vanquished.

Vanquished Creatures (others)
  An orc wizard (D:9)
  A butterfly (D:9)
2 creatures vanquished.

Grand Total: 171 creatures vanquished

Notes
Turn   | Place    | Note
-------+----------+-------------------------------------------
     0 | D:1      | timneilson the Gargoyle Fighter began the quest for the
                  | Orb.
     0 | D:1      | Reached XP level 1. HP: 14/14 MP: 1/1
   238 | D:1      | Reached XP level 2. HP: 12/19 MP: 2/2
   638 | D:1      | Found a faded altar of an unknown god.
  1200 | D:2      | Reached XP level 3. HP: 23/23 MP: 3/3
  1299 | D:2      | Found an opulent altar of Gozag.
  2121 | D:3      | Found an opulent altar of Gozag.
  2411 | D:3      | Reached XP level 4. HP: 29/29 MP: 4/4
  2613 | D:3      | Found a blossoming altar of Fedhas.
  2699 | D:3      | Found a glowing golden altar of the Shining One.
  2731 | D:3      | Found a shimmering blue altar of Sif Muna.
  3014 | D:3      | You fall into a shaft and drop 1 floor!
  3073 | D:4      | Found a staircase to the Ecumenical Temple.
  3084 | Temple   | Entered the Ecumenical Temple
  3476 | D:4      | Reached XP level 5. HP: 33/33 MP: 5/5
  3620 | D:3      | Found a shimmering altar of Xom.
  3621 | D:3      | Found a hazy altar of Hepliaklqana.
  3622 | D:3      | Noticed a spectral ugly thing
  4168 | D:5      | Entered Level 5 of the Dungeon
  4175 | D:5      | Noticed an ice beast
  4192 | D:5      | Killed an ice beast
  4193 | D:5      | Reached skill level 1 in Evocations
  4193 | D:5      | Reached XP level 6. HP: 28/38 MP: 6/6
  4314 | D:5      | Reached skill level 5 in Armour
  4417 | D:5      | Noticed a black bear
  4425 | D:5      | Killed a black bear
  4426 | D:5      | Reached skill level 5 in Shields
  4426 | D:5      | Reached XP level 7. HP: 40/44 MP: 7/7
  4826 | D:5      | Reached XP level 8. HP: 48/48 MP: 8/8
  4987 | D:5      | Reached skill level 5 in Fighting
  5038 | D:5      | Found a glowing silver altar of Zin.
  5039 | D:5      | Noticed an angel
  5512 | D:6      | Reached skill level 5 in Long Blades
  5712 | D:6      | Noticed Pikel
  6157 | D:6      | Identified Lizyapp's Volume of Floating Unholy Arts
  6441 | D:5      | Killed Pikel
  6442 | D:5      | Reached XP level 9. HP: 35/55 MP: 9/9
  6846 | D:6      | Found a snail-covered altar of Cheibriados.
  6947 | D:7      | Found Aptanaqu's Book Shoppe.
  7999 | D:8      | Reached XP level 10. HP: 43/61 MP: 10/10
  8857 | D:9      | Noticed a death yak
  8970 | D:9      | Found a white marble altar of Elyvilon.
  9016 | D:9      | Noticed a death yak
  9026 | D:9      | Noticed a death yak
  9027 | D:9      | Gained mutation: You have a somewhat thin skeletal
                  | structure. (Dex +2, Stealth) [potion of mutation]
  9027 | D:9      | Gained mutation: Your body sometimes deteriorates upon
                  | taking damage. [potion of mutation]
  9027 | D:9      | Gained mutation: You have large cloven feet. [potion of
                  | mutation]
  9065 | D:9      | HP: 1/61 [death yak (4)]
  9067 | D:9      | Slain by a death yak

Illustrated notes

Levels and vault maps discovered:
D:1:      minmay_arrival_split_and_join, layout_loops_ring,
          chequers_ecumenical_altar_island, serial_park_tiny_pond
D:2:      layout_basic, basic_altar
D:3:      layout_loops_ring, regret_index_temple_of_mockery,
          general_overflow_altar, grunt_gozag_breadcrumbs, marbit_many_paths,
          nicolae_tso_carved_into_rock, minmay_misc_feat_nine_boxes,
          minmay_misc_feat_tiny, chequers_arboretum
D:4:      layout_cave_pools, minmay_temple_entry_mist,
          minmay_goblin_kobold_house
D:5:      cheibrodos_quashed, layout_rooms, zin_angel
D:6:      layout_cave_pools, cheibrodos_worm_habitat, serial_park,
          serial_park_avenue1, uniq_pikel
D:7:      layout_basic, serial_shops, nicolae_shop_crystal
D:8:      layout_rooms
D:9:      layout_basic, nicolae_elyvilon_peaceful_grove, vehumet_altar_wand_db,
          dpeg_lair_monsters
Temple:   compressed_dpeg_triangle_lava_temple

Skill      XL: |  1  2  3  4  5  6  7  8  9 10 |
---------------+-------------------------------+-----
Long Blades    | 2 3 4 5 6 7 |  7.1
Armour         | 4 5 7 8 |  8.9
Shields        | 4 5 7 8 |  8.9
Fighting       | 4 5 6 |  6.7
Evocations     | 1 2 3 4 |  4.3

Action                   |  1- 3 |  4- 6 |  7- 9 | 10-12 || total
-------------------------+-------+-------+-------+-------++-------
Melee: Long sword        |   116 |   159 |   385 |   220 ||   880
       Unarmed           |       |     3 |       |       ||     3
       Kick              |       |       |       |    13 ||    13
  Use: Scroll            |     6 |     6 |     2 |     1 ||    15
       Potion            |       |       |     4 |     3 ||     7
 Stab: Invisible         |       |       |       |     2 ||     2
Armor: Scale mail        |    62 |    66 |       |       ||   128
       Chain mail        |       |    58 |   253 |   115 ||   426
       Skin              |       |       |     8 |       ||     8
Dodge: Dodged            |    34 |    41 |   125 |    77 ||   277
Block: Kite shield       |    61 |   111 |   302 |   143 ||   617
       Rpst.: Long sword |    17 |     3 |    33 |    23 ||    76

Table legend: (Time is in decaauts)
 A = Elapsed time spent in this place.
 B = Non-inter-level travel time spent in this place.
 C = Inter-level travel time spent in this place.
 D = Time resting spent in this place.
 E = Time spent auto-exploring this place.
 F = Levels seen in this place.
 G = Mean time per level.
                   A        B        C        D        E       F      G
               +--------+--------+--------+--------+--------+-----+--------+
         Total |   9388 |   9165 |    223 |   1014 |   5969 |  10 |  938.8 |
       Dungeon |   9002 |   8779 |    223 |   1014 |   5603 |   9 | 1000.2 |
        Temple |    385 |    385 |      0 |      0 |    366 |   1 |  385.0 |
               +--------+--------+--------+--------+--------+-----+--------+

Top non-repeatable levels by time:
     D:5: 1877 daAuts
     D:1: 1214 daAuts
     D:6: 1151 daAuts
     D:3: 1150 daAuts
     D:7: 893 daAuts
     D:2: 864 daAuts
     D:8: 801 daAuts
     D:4: 681 daAuts
  Temple: 385 daAuts
     D:9: 369 daAuts
